 Dungeon Crawl Stone Soup version 0.28.0-45-g0d030f2227 (webtiles) character file.

Game seed: 5775380066879565820

237 protoss039 the Digger (level 5, -7/41 HPs)
             Began as a Demonspawn Earth Elementalist on May 30, 2022.
             Mangled by an iguana (9 damage)
             ... on level 4 of the Dungeon.
             The game lasted 00:04:16 (3695 turns).

protoss039 the Digger (DsEE)                        Turns: 3695, Time: 00:04:16

Health: -7/41      AC:  3    Str:  8    XL:     5   Next: 77%
Magic:  2/9        EV: 14    Int: 18    God:
Gold:   101        SH:  0    Dex: 14    Spells: 4/10 levels left

rFire   . . .      SeeInvis .   a - +0 short sword
rCold   . . .      Faith    .   (no shield)
rNeg    . . .      Spirit   .   b - +0 robe
rPois   .          Reflect  .   (no helmet)
rElec   .          Harm     .   k - +0 cloak
rCorr   .          Rampage  .   (no gloves)
Will    .....                   (no boots)
Stlth   ++........              (no amulet)
HPRegen 0.13/turn               (no ring)
MPRegen 0.11/turn               (no ring)

@: very slightly contaminated
A: repulsion field 1, powered by death 1, weakness stinger 1
a: no special abilities


You were on level 4 of the Dungeon.
You visited 1 branch of the dungeon, and saw 4 of its levels.

You collected 151 gold pieces.
You spent 50 gold pieces at shops.

Inventory:

Hand Weapons
 a - a +0 short sword (weapon)
Missiles
 c - 80 stones
Armour
 b - a +0 robe (worn)
 k - a +0 cloak (worn)
Jewellery
 o - a +4 ring of evasion
Wands
 n - a wand of charming (4)
Scrolls
 e - 2 scrolls of summoning
 f - a scroll of enchant weapon {unknown}
 g - 2 scrolls of identify
 i - 2 scrolls of teleportation
 j - a scroll of amnesia {unknown}
 m - a scroll of immolation {unknown}
 p - a scroll of enchant armour {unknown}
Potions
 d - a potion of brilliance {unknown}
 h - a potion of might {unknown}
 l - a potion of attraction {unknown}


   Skills:
 * Level 3.4 Fighting
 + Level 2.0 Armour
 - Level 1.7 Dodging
 - Level 1.7 Stealth
 + Level 3.0 Spellcasting
 * Level 0.0 Conjurations
 - Level 1.0 Transmutations
 + Level 3.5 Earth Magic


You had 4 spell levels left.
You knew the following spells:

 Your Spells              Type           Power      Damage    Failure   Level
a - Sandblast             Erth           30%        2d9       3%          1
b - Passwall              Tmut/Erth      8%         N/A       10%         2
c - Stone Arrow           Conj/Erth      18%        3d8       24%         3

Your spell library contained the following spells:

 Spells                   Type           Power      Damage    Failure   Level
 Gell's Gravitas          Tloc           2%         N/A       43%         3
 Teleport Other           Tloc           2%         N/A       43%         3
 Petrify                  Tmut/Erth      10%        N/A       54%         4
 Dispersal                Tloc           1%         N/A       100%        6


Dungeon Overview and Level Annotations

Branches:
Dungeon (4/15)
 Temple: D:4-7

Altars:
Cheibriados
Zin

Shops:
D:3 ?


Innate Abilities, Weirdness & Mutations

You are surrounded by a mild repulsion field. (EV +2)
You regenerate a little health from kills.
You have a small tail.


Message History

The iguana barely misses you.
Unknown command.
Unknown command.
Casting: Sandblast (safe; 3% risk of failure)
Confirm with . or Enter, or press ? or * to list all spells.
Aiming: Sandblast (safe; 3% risk of failure)
Press: ? - help, Shift-Dir - straight line, f/p - iguana
Aim: an iguana (almost dead, 82% to hit)
The blast of sand misses the iguana.
The iguana bites you!
* * * LOW HITPOINT WARNING * * *
Unknown command.
Unknown command.
Casting: Sandblast (safe; 3% risk of failure)
Confirm with . or Enter, or press ? or * to list all spells.
Aiming: Sandblast (safe; 3% risk of failure)
Press: ? - help, Shift-Dir - straight line, f/p - iguana
Aim: an iguana (almost dead, 82% to hit)
The blast of sand hits the iguana but does no damage.
The iguana is almost dead.
The iguana bites you.
* * * LOW HITPOINT WARNING * * *
Unknown command.
Casting: Sandblast (safe; 3% risk of failure)
Confirm with . or Enter, or press ? or * to list all spells.
Aiming: Sandblast (safe; 3% risk of failure)
Press: ? - help, Shift-Dir - straight line, f/p - iguana
Aim: an iguana (almost dead, 82% to hit)
The blast of sand hits the iguana but does no damage.
The iguana is almost dead.
The iguana barely misses you.
Unknown command.
Casting: Sandblast (safe; 3% risk of failure)
Confirm with . or Enter, or press ? or * to list all spells.
Aiming: Sandblast (safe; 3% risk of failure)
Press: ? - help, Shift-Dir - straight line, f/p - iguana
Aim: an iguana (almost dead, 82% to hit)
The blast of sand hits the iguana but does no damage.
The iguana is almost dead.
The iguana bites you!
You die...

#.....###'###
#...........#
#...........#
#...........# .
##.##.##...##
..
####.#######...
#...).......
#...........
+.l@...<...J
#.##...####
#.###+## ..^
..l. .... ....


You could see an iguana.

Vanquished Creatures
  An ogre (D:4)
  A bullfrog (D:3)
  2 adders (D:2)
  2 worms
  3 dart slugs
  6 orcs
  6 ball pythons
  6 endoplasms
  3 giant cockroaches (D:2)
  6 hobgoblins
  4 kobolds
  7 bats
  3 frilled lizards
  3 goblins
  A quokka skeleton (D:4)
  6 rats
60 creatures vanquished.

Notes
Turn   | Place    | Note
-------+----------+-------------------------------------------
     0 | D:1      | protoss039 the Demonspawn Earth Elementalist began the
                  | quest for the Orb.
     0 | D:1      | Reached XP level 1. HP: 13/13 MP: 3/3
   118 | D:1      | Reached skill level 1 in Transmutations
   991 | D:1      | Reached skill level 1 in Fighting
   991 | D:1      | Gained mutation: You are surrounded by a mild repulsion
                  | field. (EV +2) [demonic ancestry]
   991 | D:1      | Reached XP level 2. HP: 21/21 MP: 5/5
  1614 | D:2      | Reached XP level 3. HP: 18/26 MP: 6/6
  2335 | D:2      | Reached skill level 1 in Armour
  2583 | D:2      | Learned a level 2 spell: Passwall
  2587 | D:2      | Learned a level 3 spell: Stone Arrow
  2663 | D:3      | Found a snail-covered altar of Cheibriados.
  2701 | D:3      | Found Keocimue's Magic Scroll Shop.
  2785 | D:3      | Gained mutation: You have a small tail. [demonic ancestry]
  2785 | D:3      | Reached XP level 4. HP: 31/33 MP: 5/7
  2890 | D:3      | Bought a scroll of identify for 20 gold pieces
  2890 | D:3      | Bought a scroll of teleportation for 30 gold pieces
  3071 | D:3      | Noticed a bullfrog
  3082 | D:3      | Killed a bullfrog
  3083 | D:3      | Gained mutation: You regenerate a little health from kills.
                  | [demonic ancestry]
  3083 | D:3      | Reached XP level 5. HP: 24/40 MP: 2/9
  3358 | D:3      | You fall into a shaft and drop 1 floor!
  3365 | D:4      | Noticed an ogre
  3372 | D:4      | Killed an ogre
  3693 | D:4      | HP: 1/41 [iguana (5)]
  3695 | D:4      | Mangled by an iguana

Illustrated notes

Levels and vault maps discovered:
D:1:      minmay_arrival_shattered_statue, layout_loops_corners, serial_forest,
          infiniplex_forest_end_3, infiniplex_forest_lined_room_,
          infiniplex_forest_corner_1, infiniplex_forest_lined_corner,
          infiniplex_forest_clump_small, infiniplex_forest_lined_2
D:2:      layout_basic
D:3:      layout_loops_ring, lemuel_round_altar, jmf_multi_god_temple,
          serial_shops, nicolae_shop_advertising_works
          [nicolae_subvault_shop_adworks],
          shapermc_ecumenical_altar_totnotflames,
          corexii_item_surrounded_by_moat
D:4:      layout_gridville, mainiacjoe_overflow_tiny_flanked

Skill      XL: |  1  2  3  4  5 |
---------------+----------------+-----
Transmutations | 1 |  1.0
Fighting       | 1 2 3 |  3.4
Earth Magic    | 3 |  3.5
Armour         | 1 2 |  2.0
Spellcasting   | 3 |  3.0
Dodging        | |  1.7
Stealth        | |  1.7

Action                   |  1- 3 |  4- 6 || total
-------------------------+-------+-------++-------
Melee: Unarmed           |    26 |       ||    26
       Short sword       |   103 |    41 ||   144
       Punch             |     1 |     1 ||     2
       Tailslap          |       |     5 ||     5
 Cast: Sandblast         |    24 |    23 ||    47
       Stone Arrow       |       |     1 ||     1
  Use: Scroll            |       |     1 ||     1
 Stab: Sleeping          |     6 |     1 ||     7
       Distracted        |     1 |       ||     1
Armor: Robe              |    42 |     5 ||    47
Dodge: Dodged            |   122 |    33 ||   155
